 Dungeon Crawl Stone Soup version 0.28.0-1-gb440e238dd (webtiles) character file.

Game seed: 13367990681842401216

32 zeram the Ducker (level 3, -1/19 HPs)
             Began as a Spriggan Fighter on Feb 24, 2022.
             Slain by an adder (5 damage)
             ... on level 3 of the Dungeon.
             The game lasted 00:02:25 (1736 turns).

zeram the Ducker (Spriggan Fighter)                 Turns: 1736, Time: 00:02:26

Health: -1/19      AC:  2    Str: 12    XL:     3   Next: 10%
Magic:  4/4        EV: 17    Int: 11    God:
Gold:   74         SH:  6    Dex: 14    Spells: 2/2 levels left

rFire   . . .      SeeInvis +   a - +0 rapier
rCold   . . .      Faith    .   c - +0 buckler
rNeg    . . .      Spirit   .   b - +0 robe
rPois   .          Reflect  .   (helmet restricted)
rElec   .          Harm     .   (no cloak)
rCorr   .          Rampage  .   (gloves unavailable)
Will    .....                   (boots unavailable)
Stlth   +.........              (no amulet)
HPRegen 0.06/turn               (no ring)
MPRegen 0.09/turn               (no ring)

@: mighty, lethally poisoned (-1 -> -3), very quick
A: very small, no large weapons, unfitting armour, see invisible, speed 3
a: no special abilities


You were on level 3 of the Dungeon.
You visited 1 branch of the dungeon, and saw 3 of its levels.

You collected 74 gold pieces.

Inventory:

Hand Weapons
 a - a +0 rapier (weapon)
Armour
 b - a +0 robe (worn)
 c - a +0 buckler (worn)
 h - a +1 cloak
Jewellery
 f - a ring of protection from cold
 g - an amulet of the acrobat
Potions
 e - a potion of flight {unknown}
 i - 2 potions of attraction {unknown}
 j - a potion of curing {unknown}


   Skills:
 - Level 2.4 Fighting
 + Level 3.0 Short Blades
 + Level 4.6 Dodging
 + Level 2.4 Shields


You had 2 spell levels left.
You didn't know any spells.
Your spell library was empty.

Dungeon Overview and Level Annotations

Branches:
Dungeon (3/15)

Altars:


Innate Abilities, Weirdness & Mutations

You are very small and have problems with some larger weapons.
You are too small for most types of armour.
You have supernaturally acute eyesight. (SInv)
You cover ground extremely quickly. (Speed+++)


Message History

Your library has no spells.
You aren't carrying any scrolls.
Okay, then.
You completely miss the endoplasm. The endoplasm misses you.
The endoplasm freezes you.
You are frozen.
You hit the endoplasm.
The endoplasm is lightly wounded.
The endoplasm freezes you.
You are frozen.
You barely miss the endoplasm.
The endoplasm is lightly wounded.
You block the endoplasm's attack.
(D) Dungeon
Where to? (? - help)
There is a stone staircase leading down here.
You climb downwards.
Found 24 gold pieces and 15 arrows.
Found a stone staircase leading up.
There is a stone staircase leading up here.
A frilled lizard is nearby!
A frilled lizard is nearby!
There is a stone staircase leading up here.
You start resting.
An adder comes into view.
An adder is nearby!
The adder hisses angrily.
An adder is nearby!
There is a stone staircase leading up here.
You miss the adder. You block the adder's attack. The adder bites you.
You closely miss the adder. You block the adder's attack.
You barely miss the adder. You block the adder's attack. The adder misses you.
You closely miss the adder. The adder bites you.
You are poisoned.
The adder poisons you! The adder closely misses you.
You feel very mighty all of a sudden.
You feel sick. The adder closely misses you.
You miss the adder.
* * * LOW HITPOINT WARNING * * *
You feel sick. The adder bites you.
You die...

.# .# .##. #.#. #
###########... .#
l............# ..
.............# ..
.............# .#
...........#######..####
...........S@...........
...........######...####
....(..<.$.# .###
.....$......# .#
#######........ ..
###.##.... .. ..# .#..
... ... .#.. ... ...


You could see an adder.

Vanquished Creatures
  A gnoll (D:1)
  4 endoplasms (D:1)
  3 goblins (D:1)
  3 jackals (D:1)
  2 quokkas (D:1)
  4 ball pythons
  A bat (D:1)
  2 rats
20 creatures vanquished.

Vanquished Creatures (others)
  A goblin (D:1)
1 creature vanquished.

Grand Total: 21 creatures vanquished

Notes
Turn   | Place    | Note
-------+----------+-------------------------------------------
     0 | D:1      | zeram the Spriggan Fighter began the quest for the Orb.
     0 | D:1      | Reached XP level 1. HP: 11/11 MP: 2/2
    49 | D:1      | Found a faded altar of an unknown god.
   267 | D:1      | Reached XP level 2. HP: 12/16 MP: 3/3
   795 | D:1      | Reached XP level 3. HP: 9/19 MP: 4/4
  1736 | D:3      | Slain by an adder

Illustrated notes

Levels and vault maps discovered:
D:1:      lightli_arrival_chessboard, layout_loops_ring,
          hellmonk_ecumenical_altar_pennies_from_heaven, serial_shops,
          shop_fountains
D:2:      minmay_spotlight, layout_basic,
          nicolae_concentric_dashed_squares_wild, hangedman_glass_teeth,
          minmay_snake_closets
D:3:      layout_rooms, mrwooster_statue_mirror, uniq_pargi

Skill      XL: |  1  2  3 |
---------------+----------+-----
Short Blades   | 3 |  3.0
Fighting       | |  2.4
Dodging        | |  4.6
Shields        | |  2.4

Action                   || total
-------------------------++-------
Melee: Rapier            ||    85
  Use: Potion            ||     1
 Stab: Sleeping          ||     1
Armor: Robe              ||     3
Dodge: Dodged            ||    58
Block: Buckler           ||    28
